APL (24 & UNDER)
ATHENS ASSASSINS @ SAVANNAH HOGS
06/14/2029
 
TOP OF THE 1ST
Athens Assassins batting - Pitching for Savannah Hogs : RHP John Allen
Pitching: RHP John Allen
Batting: RHB Júlio Castillo 0-0: Called Strike
0-1: Ball
1-1: Fly out, F9 (Flyball, 9LS)
Batting: RHB Millard Long 0-0: SINGLE (Flyball, 9S)
Batting: RHB Foster Hapgood 0-0: Ball
1-0: Foul Ball, location: 2F
1-1: Ball
2-1: Ball
3-1: Base on Balls
Millard Long to second
Batting: LHB José Martínez 0-0: Ball
1-0: Ball
2-0: Called Strike
2-1: Ball
3-1: Foul Ball, location: 2F
3-2: Fielders Choice at 2nd, 3-6 (Groundball, 34)
Millard Long to third
Batting: RHB Maximino Abbado 0-0: Ball
1-0: Swinging Strike
1-1: Ball
2-1: Swinging Strike
2-2: Foul Ball, location: 2F
2-2: Ball
3-2: Base on Balls
José Martínez to second
Batting: RHB Randall Walker 0-0: Called Strike
0-1: SINGLE (Line Drive, 7)
Millard Long scores
José Martínez to third
Maximino Abbado to second
Runner from 3rd tries for Home, throw and OUT!
Top of the 1st over - 1 run, 2 hits, 0 errors, 2 left on base; Athens 1 - Savannah 0
BOTTOM OF THE 1ST
Savannah Hogs batting - Pitching for Athens Assassins : RHP Silvio Fiermonte
Pitching: RHP Silvio Fiermonte
Batting: RHB Guillermo González 0-0: Ground out 6-3 (Groundball, 6)
Batting: RHB Pedro Zavala 0-0: Ball
1-0: Ball
2-0: Called Strike
2-1: Foul Ball, location: 2F
2-2: Foul Ball, location: 2F
2-2: Ball
3-2: DOUBLE (Flyball, 78D)
Batting: RHB José Ramos 0-0: Called Strike
0-1: Foul Ball, location: 2F
0-2: Ball
1-2: Hit by Pitch
Batting: RHB Rick Holman 0-0: Ball
1-0: Ball
2-0: Foul Ball, location: 2F
2-1: Swinging Strike
2-2: Foul Ball, location: 2F
2-2: Ball
3-2: Strikes out swinging
Batting: SHB Juan Soriano 0-0: Ball
1-0: Swinging Strike
1-1: Fly out, F8 (Flyball, 8LD)
Bottom of the 1st over - 0 runs, 1 hit, 0 errors, 2 left on base; Athens 1 - Savannah 0
TOP OF THE 2ND
Athens Assassins batting - Pitching for Savannah Hogs : RHP John Allen
Batting: RHB Kiyonaga Ogawa 0-0: Ball
1-0: Ball
2-0: Swinging Strike
2-1: Reached on error, E6 (Popup, 6MD)
Batting: RHB Don Martin 0-0: Ball
1-0: Called Strike
1-1: Ball
2-1: Grounds into double play, 6-4-3 (Groundball, 6)
Batting: RHB Alfonso Flores 0-0: Foul Ball, location: 2F
0-1: Ball
1-1: Foul Ball, location: 2F
1-2: Strikes out swinging
Top of the 2nd over - 0 runs, 0 hits, 1 error, 0 left on base; Athens 1 - Savannah 0
BOTTOM OF THE 2ND
Savannah Hogs batting - Pitching for Athens Assassins : RHP Silvio Fiermonte
Batting: RHB Jorge Chávez 0-0: Ball
1-0: Foul Ball, location: 2F
1-1: Called Strike
1-2: Foul Ball, location: 2F
1-2: Ball
2-2: Foul Ball, location: 2F
2-2: Ball
3-2: Foul Ball, location: 2F
3-2: Base on Balls
Batting: SHB Juan Chávez 0-0: Called Strike
0-1: Ground out 4-3 (Groundball, 4S)
Jorge Chávez to second
Batting: RHB Orlando Márquez 0-0: Ball
Jorge Chávez steals 3rd base
1-0: Ball
2-0: Reached on error, E6 (Groundball, 6)
Jorge Chávez scores
Batting: RHB Júlio Contreras 0-0: Called Strike
0-1: Fly out, F9 (Flyball, 9D)
Batting: RHB Guillermo González 0-0: Ball
1-0: Foul Ball, location: 2F
1-1: SINGLE (Flyball, 7LM)
Orlando Márquez to second
Batting: RHB Pedro Zavala 0-0: Ball
1-0: Called Strike
1-1: Called Strike
1-2: Strikes out swinging
Bottom of the 2nd over - 1 run, 1 hit, 1 error, 2 left on base; Athens 1 - Savannah 1
TOP OF THE 3RD
Athens Assassins batting - Pitching for Savannah Hogs : RHP John Allen
Batting: RHB Júlio Castillo 0-0: Called Strike
0-1: Called Strike
0-2: Foul Ball, location: 2F
0-2: Strikes out looking
Batting: RHB Millard Long 0-0: Called Strike
0-1: Foul Ball, location: 2F
0-2: Foul Ball, location: 2F
0-2: Foul Ball, location: 2F
0-2: Foul Ball, location: 2F
0-2: Foul Ball, location: 2F
0-2: Ball
1-2: Ball
2-2: Foul Ball, location: 2F
2-2: Foul Ball, location: 2F
2-2: Ball
3-2: SINGLE (Groundball, 25) (infield hit)
Batting: RHB Foster Hapgood 0-0: Ball
1-0: Foul Ball, location: 2F
1-1: Foul Ball, location: 2F
1-2: Ball
2-2: Ball
3-2: Base on Balls
Millard Long to second
Batting: LHB José Martínez 0-0: Ball
1-0: Fly out, F9 (Line Drive, 89M)
Batting: RHB Maximino Abbado 0-0: Called Strike
0-1: Fly out, F9 (Flyball, 9S)
Top of the 3rd over - 0 runs, 1 hit, 0 errors, 2 left on base; Athens 1 - Savannah 1
BOTTOM OF THE 3RD
Savannah Hogs batting - Pitching for Athens Assassins : RHP Silvio Fiermonte
Batting: RHB José Ramos 0-0: Ground out 6-3 (Groundball, 6S)
Batting: RHB Rick Holman 0-0: Foul Ball, location: 2F
0-1: Foul Ball, location: 2F
0-2: Ball
1-2: Ball
2-2: Ball
3-2: Foul Ball, location: 2F
3-2: Foul Ball, location: 2F
3-2: Foul Ball, location: 2F
3-2: Strikes out swinging
Batting: SHB Juan Soriano 0-0: Called Strike
0-1: Fly out, F7 (Flyball, 78D)
Bottom of the 3rd over - 0 runs, 0 hits, 0 errors, 0 left on base; Athens 1 - Savannah 1
TOP OF THE 4TH
Athens Assassins batting - Pitching for Savannah Hogs : RHP John Allen
Batting: RHB Randall Walker 0-0: Ball
1-0: Foul Ball, location: 2F
1-1: Foul Ball, location: 2F
1-2: Ball
2-2: Ball
3-2: Strikes out swinging, 2-3 out at first.
Batting: RHB Kiyonaga Ogawa 0-0: Called Strike
0-1: Called Strike
0-2: Ball
1-2: Strikes out swinging
Batting: RHB Don Martin 0-0: Called Strike
0-1: Foul Ball, location: 2F
0-2: Ball
1-2: Foul Ball, location: 2F
1-2: SINGLE (Line Drive, 5D)
Batting: RHB Alfonso Flores 0-0: Called Strike
0-1: Ball
1-1: DOUBLE (Line Drive, 9D)
Don Martin to third
Runner from 3rd tries for Home, SAFE, no throw
Batting: RHB Júlio Castillo 0-0: Ball
1-0: Foul Ball, location: 2F
1-1: Ball
2-1: Ball
3-1: Foul Ball, location: 2F
3-2: Ground out U3 (Groundball, 3S)
Top of the 4th over - 1 run, 2 hits, 0 errors, 1 left on base; Athens 2 - Savannah 1
BOTTOM OF THE 4TH
Savannah Hogs batting - Pitching for Athens Assassins : RHP Silvio Fiermonte
Batting: RHB Jorge Chávez 0-0: Ground out 4-3 (Groundball, 4)
Batting: SHB Juan Chávez 0-0: Ball
1-0: Ball
2-0: Fly out, F9 (Flyball, 89S)
Batting: RHB Orlando Márquez 0-0: Ball
1-0: Ball
2-0: Ball
3-0: Called Strike
3-1: Called Strike
3-2: Ground out 4-3 (Groundball, 4)
Bottom of the 4th over - 0 runs, 0 hits, 0 errors, 0 left on base; Athens 2 - Savannah 1
TOP OF THE 5TH
Athens Assassins batting - Pitching for Savannah Hogs : RHP John Allen
Batting: RHB Millard Long 0-0: Foul Ball, location: 2F
0-1: Ball
1-1: Swinging Strike
1-2: Foul Ball, location: 2F
1-2: Fly out, F4 (Line Drive, 4)
Batting: RHB Foster Hapgood 0-0: Fly out, F9 (Line Drive, 89S)
Batting: LHB José Martínez 0-0: Swinging Strike
0-1: Ball
1-1: Foul Ball, location: 2F
1-2: Strikes out looking
Top of the 5th over - 0 runs, 0 hits, 0 errors, 0 left on base; Athens 2 - Savannah 1
BOTTOM OF THE 5TH
Savannah Hogs batting - Pitching for Athens Assassins : RHP Silvio Fiermonte
Batting: RHB Júlio Contreras 0-0: Foul Ball, location: 2F
0-1: Called Strike
0-2: Ball
1-2: Ball
2-2: Strikes out swinging
Batting: RHB Guillermo González 0-0: Foul Ball, location: 2F
0-1: Called Strike
0-2: DOUBLE (Line Drive, 7LM)
Batting: RHB Pedro Zavala 0-0: Called Strike
0-1: Called Strike
0-2: Ball
1-2: Ground out 5-3 (Groundball, 56)
Batting: RHB José Ramos 0-0: Called Strike
0-1: Ball
1-1: Ball
2-1: Ball
3-1: Base on Balls
Batting: RHB Rick Holman 0-0: Ground out 4-3 (Groundball, 4)
Bottom of the 5th over - 0 runs, 1 hit, 0 errors, 2 left on base; Athens 2 - Savannah 1
TOP OF THE 6TH
Athens Assassins batting - Pitching for Savannah Hogs : RHP John Allen
Batting: RHB Maximino Abbado 0-0: Ground out 6-3 (Groundball, 6)
Batting: RHB Randall Walker 0-0: Called Strike
0-1: Called Strike
0-2: Ball
1-2: Ball
2-2: SOLO HOME RUN (Flyball, 78XD), Distance : 381 ft
Batting: RHB Kiyonaga Ogawa 0-0: Called Strike
0-1: Foul Ball, location: 2F
0-2: Ball
1-2: Fly out, F3 (Popup, 3SF)
Batting: RHB Don Martin 0-0: Called Strike
0-1: Ball
1-1: Ball
2-1: Called Strike
2-2: Foul Ball, location: 2F
2-2: Strikes out swinging
Top of the 6th over - 1 run, 1 hit, 0 errors, 0 left on base; Athens 3 - Savannah 1
BOTTOM OF THE 6TH
Savannah Hogs batting - Pitching for Athens Assassins : RHP Silvio Fiermonte
Batting: SHB Juan Soriano 0-0: Ball
1-0: Called Strike
1-1: Ball
2-1: Foul Ball, location: 2F
2-2: Ball
3-2: Strikes out looking
Batting: RHB Jorge Chávez 0-0: Foul Ball, location: 2F
0-1: Foul Ball, location: 2F
0-2: Strikes out swinging
Batting: SHB Juan Chávez 0-0: Called Strike
0-1: Ball
1-1: Swinging Strike
1-2: Ball
2-2: SINGLE (Line Drive, 56)
Batting: RHB Orlando Márquez 0-0: Called Strike
0-1: Ball
1-1: Called Strike
1-2: Ground out 1-3 (Groundball, 15)
Bottom of the 6th over - 0 runs, 1 hit, 0 errors, 1 left on base; Athens 3 - Savannah 1
TOP OF THE 7TH
Athens Assassins batting - Pitching for Savannah Hogs : RHP John Allen
Pitching: RHP William Gallegos
Batting: RHB Alfonso Flores 0-0: Ground out 6-3 (Groundball, 6)
Batting: RHB Júlio Castillo 0-0: Called Strike
0-1: Foul Ball, location: 2F
0-2: Ball
1-2: Strikes out swinging
Batting: RHB Millard Long 0-0: Ball
1-0: Called Strike
1-1: SINGLE (Line Drive, 4M)
Batting: RHB Foster Hapgood 0-0: Swinging Strike
0-1: Swinging Strike
0-2: Ball
1-2: Strikes out looking
Top of the 7th over - 0 runs, 1 hit, 0 errors, 1 left on base; Athens 3 - Savannah 1
BOTTOM OF THE 7TH
Savannah Hogs batting - Pitching for Athens Assassins : RHP Silvio Fiermonte
Pitching: RHP Raúl Maez
Batting: RHB Júlio Contreras 0-0: Foul Ball, location: 2F
0-1: Foul Ball, location: 2F
0-2: Ball
1-2: Foul Ball, location: 2F
1-2: Ball
2-2: Ball
3-2: Ground out 6-3 (Groundball, 6)
Batting: RHB Guillermo González 0-0: Called Strike
0-1: Foul Ball, location: 2F
0-2: Ball
1-2: Strikes out swinging
Batting: RHB Pedro Zavala 0-0: SINGLE (Line Drive, 7S)
Batting: RHB José Ramos 0-0: Ball
1-0: Called Strike
1-1: Ball
2-1: Called Strike
2-2: Strikes out swinging
Bottom of the 7th over - 0 runs, 1 hit, 0 errors, 1 left on base; Athens 3 - Savannah 1
TOP OF THE 8TH
Athens Assassins batting - Pitching for Savannah Hogs : RHP William Gallegos
Pitching: LHP Manuel Guel
Batting: LHB José Martínez 0-0: Called Strike
0-1: Foul Ball, location: 2F
0-2: Ball
1-2: Ball
2-2: Strikes out looking
Pitching: RHP Leo Blackley
Batting: RHB Maximino Abbado 0-0: Fly out, F7 (Flyball, 7)
Batting: RHB Randall Walker 0-0: Called Strike
0-1: Ball
1-1: Ball
2-1: Called Strike
2-2: Foul Ball, location: 2F
2-2: Strikes out swinging
Top of the 8th over - 0 runs, 0 hits, 0 errors, 0 left on base; Athens 3 - Savannah 1
BOTTOM OF THE 8TH
Savannah Hogs batting - Pitching for Athens Assassins : RHP Raúl Maez
Batting: RHB Rick Holman 0-0: Ground out 6-3 (Groundball, 56)
Batting: SHB Juan Soriano 0-0: Ball
1-0: Called Strike
1-1: DOUBLE (Line Drive, 9LD)
Batting: RHB Jorge Chávez 0-0: Called Strike
0-1: Foul Ball, location: 2F
0-2: Foul Ball, location: 2F
0-2: Strikes out swinging
Batting: SHB Juan Chávez 0-0: Called Strike
0-1: SINGLE (Groundball, 56D)
Juan Soriano to third
Runner from 3rd tries for Home, SAFE, no throw
Batting: RHB Orlando Márquez 0-0: Ball
1-0: Ball
2-0: Called Strike
2-1: Swinging Strike
2-2: SINGLE (Flyball, 7S)
Juan Chávez to second
Pinch Hitting: LHB António Gutiérrez 0-0: Ball
1-0: Ball
2-0: Ball
3-0: Called Strike
3-1: Swinging Strike
3-2: SINGLE (Groundball, 4D)
Juan Chávez to third
Orlando Márquez to second
Juan Chávez scores
Orlando Márquez to third
Batting: RHB Guillermo González 0-0: Fly out, F8 (Flyball, 8LS)
Bottom of the 8th over - 2 runs, 4 hits, 0 errors, 2 left on base; Athens 3 - Savannah 3
TOP OF THE 9TH
Athens Assassins batting - Pitching for Savannah Hogs : RHP Leo Blackley
Now at SS: Ron Sims
Pinch Hitting: LHB Brian Turner 0-0: Ball
1-0: Ball
2-0: Ball
3-0: Base on Balls
Pinch Runner at 1st Manny Olhoa:
Pinch Hitting: LHB Xavier Smith 0-0: Ball
1-0: Ball
2-0: Foul Ball, location: 2F
2-1: Ball
3-1: SINGLE (Groundball, 34D)
Manny Olhoa to second
Runner from 2nd tries for 3rd, SAFE, throw made to third
Pinch Hitting: RHB Jake Erickson 0-0: Called Strike
0-1: Foul Ball, location: 2F
0-2: Strikes out looking
Pinch Hitting: RHB Emílio García 0-0: Squeeze Bunt - play home, runner OUT, batter safe! 1-2
Xavier Smith to second
Batting: RHB Millard Long 0-0: Ball
1-0: Ball
2-0: Ball
Wild Pitch!
Xavier Smith to third
Emílio García to second
3-0: Called Strike
3-1: Swinging Strike
3-2: Strikes out swinging
Top of the 9th over - 0 runs, 1 hit, 0 errors, 2 left on base; Athens 3 - Savannah 3
BOTTOM OF THE 9TH
Savannah Hogs batting - Pitching for Athens Assassins : RHP Raúl Maez
Pitching: LHP Fernando García
Now at C: Emílio García
Now at 3B: Jake Erickson
Now at SS: Clancy Bradshaw
Now in CF: Manny Olhoa
Batting: RHB Pedro Zavala 0-0: Fly out, F8 (Flyball, 8LD)
Batting: RHB José Ramos 0-0: Called Strike
0-1: Ball
1-1: Swinging Strike
1-2: Strikes out looking
Batting: RHB Rick Holman 0-0: Ball
1-0: Foul Ball, location: 2F
1-1: Ball
2-1: Foul Ball, location: 2F
2-2: Strikes out swinging
Bottom of the 9th over - 0 runs, 0 hits, 0 errors, 0 left on base; Athens 3 - Savannah 3
TOP OF THE 10TH
Athens Assassins batting - Pitching for Savannah Hogs : RHP Leo Blackley
Batting: RHB Foster Hapgood 0-0: Foul Ball, location: 2F
0-1: Swinging Strike
0-2: Strikes out looking
Batting: LHB José Martínez 0-0: Ball
1-0: Ground out U3 (Groundball, 3)
Batting: RHB Maximino Abbado 0-0: Ball
1-0: Called Strike
1-1: Foul Ball, location: 2F
1-2: Strikes out swinging
Top of the 10th over - 0 runs, 0 hits, 0 errors, 0 left on base; Athens 3 - Savannah 3
BOTTOM OF THE 10TH
Savannah Hogs batting - Pitching for Athens Assassins : LHP Fernando García
Batting: SHB Juan Soriano 0-0: Ball
1-0: Called Strike
1-1: Ball
2-1: Ball
3-1: Base on Balls
Batting: RHB Jorge Chávez 0-0: Ball
1-0: Ball
2-0: Ball
3-0: Base on Balls
Juan Soriano to second
Batting: SHB Juan Chávez 0-0: Called Strike
0-1: Foul Ball, location: 2F
0-2: Foul Ball, location: 2F
0-2: SINGLE (Line Drive, 7S)
Juan Soriano to third
Jorge Chávez to second
Throwing error, E7
Juan Soriano scores
Saturday, December 16th, 2017 - OOTP Baseball 18.8 Build 76